APL (24 & UNDER)
DETROIT DIRTY SNOW @ BEAVERTON BRONZE SOULS
06/09/2029
 
TOP OF THE 1ST
Detroit Dirty Snow batting - Pitching for Beaverton Bronze Souls : LHP Guillermo Quiñones
Pitching: LHP Guillermo Quiñones
Batting: RHB António Aguilera 0-0: Ball
1-0: Ball
2-0: Foul Ball, location: 2F
2-1: Swinging Strike
2-2: Strikes out swinging
Batting: LHB Francisco Medina 0-0: Ball
1-0: Ground out 4-3 (Groundball, 4)
Batting: RHB Guo-liang Lian 0-0: Ball
1-0: SOLO HOME RUN (Line Drive, 7D), Distance : 379 ft
Batting: LHB Luis Salazar 0-0: Ball
1-0: Foul Ball, location: 2F
1-1: Fly out, F7 (Flyball, 7D)
Top of the 1st over - 1 run, 1 hit, 0 errors, 0 left on base; Detroit 1 - Beaverton 0
BOTTOM OF THE 1ST
Beaverton Bronze Souls batting - Pitching for Detroit Dirty Snow : RHP Fernando Barrón
Pitching: RHP Fernando Barrón
Batting: LHB Manuel Félix 0-0: Foul Ball, location: 2F
0-1: Ball
1-1: Foul Ball, location: 2F
1-2: Ball
2-2: Foul Ball, location: 2F
2-2: Ball
3-2: Ground out 4-3 (Groundball, 4MD)
Batting: RHB Nathan Smith 0-0: Ball
1-0: Ground out U3 (Groundball, 34S)
Batting: RHB Chris Hall 0-0: Foul Ball, location: 2F
0-1: Ball
1-1: Ball
2-1: Fly out, F9 (Flyball, 89M)
Bottom of the 1st over - 0 runs, 0 hits, 0 errors, 0 left on base; Detroit 1 - Beaverton 0
TOP OF THE 2ND
Detroit Dirty Snow batting - Pitching for Beaverton Bronze Souls : LHP Guillermo Quiñones
Batting: RHB Carlos Rocha 0-0: Swinging Strike
0-1: Swinging Strike
0-2: Foul Ball, location: 2F
0-2: Ball
1-2: Strikes out swinging
Batting: RHB Kelsey Scott 0-0: Ball
1-0: Foul Ball, location: 2F
1-1: Ball
2-1: Called Strike
2-2: Ball
3-2: Ground out 1-3 (Groundball, 15)
Batting: RHB Albert Cortéz 0-0: Foul Ball, location: 2F
0-1: Swinging Strike
0-2: Ball
1-2: Ball
2-2: Strikes out swinging
Top of the 2nd over - 0 runs, 0 hits, 0 errors, 0 left on base; Detroit 1 - Beaverton 0
BOTTOM OF THE 2ND
Beaverton Bronze Souls batting - Pitching for Detroit Dirty Snow : RHP Fernando Barrón
Batting: RHB Marshall Gross 0-0: Called Strike
0-1: Ball
1-1: Swinging Strike
1-2: Ball
2-2: SINGLE (Line Drive, 4MD)
Batting: LHB Balduíno Bruschy 0-0: Foul Ball, location: 2F
0-1: Fly out, F9 (Flyball, 9LM)
Batting: RHB Armando García 0-0: Ball
Marshall Gross is caught stealing 2nd base
1-0: Swinging Strike
1-1: Ground out 6-3 (Groundball, 6)
Bottom of the 2nd over - 0 runs, 1 hit, 0 errors, 0 left on base; Detroit 1 - Beaverton 0
TOP OF THE 3RD
Detroit Dirty Snow batting - Pitching for Beaverton Bronze Souls : LHP Guillermo Quiñones
Batting: RHB Takuro Okawa 0-0: Swinging Strike
0-1: Called Strike
0-2: Foul Ball, location: 2F
0-2: Ball
1-2: Foul Ball, location: 2F
1-2: Ball
2-2: Strikes out swinging
Batting: LHB Lee Jenkins 0-0: Swinging Strike
0-1: Ball
1-1: Ball
2-1: Swinging Strike
2-2: Foul Ball, location: 2F
2-2: Ground out 4-3 (Groundball, 4)
Batting: RHB António Aguilera 0-0: Ground out 5-3 (Groundball, 56S)
Top of the 3rd over - 0 runs, 0 hits, 0 errors, 0 left on base; Detroit 1 - Beaverton 0
BOTTOM OF THE 3RD
Beaverton Bronze Souls batting - Pitching for Detroit Dirty Snow : RHP Fernando Barrón
Batting: RHB Rubén Ramírez 0-0: Called Strike
0-1: Ball
1-1: Ball
2-1: Ball
3-1: Swinging Strike
3-2: Base on Balls
Batting: LHB Jonathan Belisle 0-0: Ball
1-0: Called Strike
1-1: Called Strike
1-2: Ball
2-2: SINGLE (Groundball, 4MD)
Rubén Ramírez to second
Runner from 2nd tries for 3rd, OUT!
Batting: RHB Salvador Castro 0-0: Foul Ball, location: 2F
0-1: Ball
1-1: Called Strike
1-2: Ball
2-2: Ball
3-2: Foul Ball, location: 2F
3-2: Foul Ball, location: 2F
3-2: Foul Ball, location: 2F
3-2: SINGLE (Line Drive, 9S)
Jonathan Belisle to second
Jonathan Belisle to third
Batting: LHB Manuel Félix 0-0: Swinging Strike
0-1: Ball
1-1: Foul Ball, location: 2F
1-2: Foul Ball, location: 2F
1-2: SINGLE (Groundball, 34D)
Jonathan Belisle scores
Salvador Castro to second
Runner from 2nd tries for 3rd, SAFE, throw made to third
Batting: RHB Nathan Smith 0-0: Ball
1-0: Called Strike
Manuel Félix is caught stealing 2nd base
1-1: Swinging Strike
1-2: Ground out 1-3 (Groundball, 13S)
Bottom of the 3rd over - 1 run, 3 hits, 0 errors, 1 left on base; Detroit 1 - Beaverton 1
TOP OF THE 4TH
Detroit Dirty Snow batting - Pitching for Beaverton Bronze Souls : LHP Guillermo Quiñones
Batting: LHB Francisco Medina 0-0: Ball
1-0: Ball
2-0: Ground out 3-1 (Groundball, 34S)
Batting: RHB Guo-liang Lian 0-0: Ball
1-0: Ball
2-0: Foul Ball, location: 2F
2-1: Ground out 6-3 (Groundball, 6S)
Batting: LHB Luis Salazar 0-0: Ball
1-0: Called Strike
1-1: Swinging Strike
1-2: Foul Ball, location: 2F
1-2: SINGLE (Groundball, 4D)
Batting: RHB Carlos Rocha 0-0: Called Strike
0-1: Ground out 1-3 (Groundball, P)
Top of the 4th over - 0 runs, 1 hit, 0 errors, 1 left on base; Detroit 1 - Beaverton 1
BOTTOM OF THE 4TH
Beaverton Bronze Souls batting - Pitching for Detroit Dirty Snow : RHP Fernando Barrón
Batting: RHB Chris Hall 0-0: Ball
1-0: Ball
2-0: DOUBLE (Flyball, 78D)
Batting: RHB Marshall Gross 0-0: SINGLE (Groundball, 4) (infield hit)
Chris Hall to third
Batting: LHB Balduíno Bruschy 0-0: Swinging Strike
0-1: Ball
1-1: Called Strike
1-2: Grounds into double play, 4-6-3 (Groundball, 4)
Chris Hall scores
Batting: RHB Armando García 0-0: Ball
1-0: Ball
2-0: Called Strike
2-1: Ball
3-1: Base on Balls
Pitching: RHP Gilbert Bright
Batting: RHB Rubén Ramírez 0-0: Called Strike
0-1: Called Strike
0-2: Foul Ball, location: 2F
0-2: Foul Ball, location: 2F
0-2: Ball
1-2: Strikes out swinging
Bottom of the 4th over - 1 run, 2 hits, 0 errors, 1 left on base; Detroit 1 - Beaverton 2
TOP OF THE 5TH
Detroit Dirty Snow batting - Pitching for Beaverton Bronze Souls : LHP Guillermo Quiñones
Batting: RHB Kelsey Scott 0-0: Foul Ball, location: 2F
0-1: Foul Ball, location: 2F
0-2: Foul Ball, location: 2F
0-2: Ball
1-2: Foul Ball, location: 2F
1-2: Foul Ball, location: 2F
1-2: Foul Ball, location: 2F
1-2: Ball
2-2: Foul Ball, location: 2F
2-2: Ball
3-2: Ground out 5-3 (Groundball, 56S)
Batting: RHB Albert Cortéz 0-0: Ball
1-0: Called Strike
1-1: DOUBLE (Line Drive, 8LD)
Batting: RHB Takuro Okawa 0-0: Called Strike
0-1: Ball
1-1: Ball
2-1: Foul Ball, location: 2F
2-2: Foul Ball, location: 2F
2-2: Ground out 4-3 (Groundball, 4)
Albert Cortéz to third
Batting: LHB Lee Jenkins 0-0: Called Strike
0-1: Ball
1-1: Foul Ball, location: 2F
1-2: Foul Ball, location: 2F
1-2: DOUBLE (Flyball, 8RD)
Albert Cortéz scores
Batting: RHB António Aguilera 0-0: Foul Ball, location: 2F
0-1: Foul Ball, location: 2F
0-2: DOUBLE (Groundball, 3L)
Lee Jenkins scores
Batting: LHB Francisco Medina 0-0: Foul Ball, location: 2F
0-1: Ball
Wild Pitch!
António Aguilera to third
1-1: Foul Ball, location: 2F
1-2: Ball
2-2: Ball
3-2: Base on Balls
Batting: RHB Guo-liang Lian 0-0: Swinging Strike
0-1: Ball
1-1: SINGLE (Groundball, 56D)
António Aguilera scores
Francisco Medina to second
Batting: LHB Luis Salazar 0-0: Ball
1-0: Ball
2-0: Foul Ball, location: 2F
2-1: Ball
3-1: Fly out, F7 (Flyball, 7S)
Top of the 5th over - 3 runs, 4 hits, 0 errors, 2 left on base; Detroit 4 - Beaverton 2
BOTTOM OF THE 5TH
Beaverton Bronze Souls batting - Pitching for Detroit Dirty Snow : RHP Gilbert Bright
Batting: LHB Jonathan Belisle 0-0: Fly out, F8 (Flyball, 8RM)
Batting: RHB Salvador Castro 0-0: Called Strike
0-1: Swinging Strike
0-2: Strikes out swinging, 2-3 out at first.
Batting: LHB Manuel Félix 0-0: Ball
1-0: Called Strike
1-1: Ball
2-1: Ball
3-1: Base on Balls
Batting: RHB Nathan Smith 0-0: Ball
Manuel Félix steals 2nd base
1-0: Ball
2-0: Ball
3-0: Base on Balls
Batting: RHB Chris Hall 0-0: Called Strike
0-1: Called Strike
0-2: Ball
1-2: Foul Ball, location: 2F
1-2: Strikes out swinging
Bottom of the 5th over - 0 runs, 0 hits, 0 errors, 2 left on base; Detroit 4 - Beaverton 2
TOP OF THE 6TH
Detroit Dirty Snow batting - Pitching for Beaverton Bronze Souls : LHP Guillermo Quiñones
Pitching: RHP Esteve Gabirra
Batting: RHB Carlos Rocha 0-0: Ball
1-0: Ball
2-0: Swinging Strike
2-1: Called Strike
2-2: Foul Ball, location: 2F
2-2: Ball
3-2: Strikes out looking
Batting: RHB Kelsey Scott 0-0: Ball
1-0: Called Strike
1-1: Swinging Strike
1-2: Strikes out swinging
Batting: RHB Albert Cortéz 0-0: Foul Ball, location: 2F
0-1: Ball
1-1: Foul Ball, location: 2F
1-2: Foul Ball, location: 2F
1-2: Strikes out looking
Top of the 6th over - 0 runs, 0 hits, 0 errors, 0 left on base; Detroit 4 - Beaverton 2
BOTTOM OF THE 6TH
Beaverton Bronze Souls batting - Pitching for Detroit Dirty Snow : RHP Gilbert Bright
Batting: RHB Marshall Gross 0-0: Ball
1-0: Called Strike
1-1: Ball
2-1: Foul Ball, location: 2F
2-2: Foul Ball, location: 2F
2-2: Strikes out looking
Batting: LHB Balduíno Bruschy 0-0: Called Strike
0-1: Called Strike
0-2: Ball
1-2: Ball
2-2: Strikes out looking
Batting: RHB Armando García 0-0: Ball
1-0: Fly out, F7 (Flyball, 78M)
Bottom of the 6th over - 0 runs, 0 hits, 0 errors, 0 left on base; Detroit 4 - Beaverton 2
TOP OF THE 7TH
Detroit Dirty Snow batting - Pitching for Beaverton Bronze Souls : RHP Esteve Gabirra
Batting: RHB Takuro Okawa 0-0: Swinging Strike
0-1: Ball
1-1: Called Strike
1-2: Strikes out swinging
Pitching: LHP Lorenzo Guzmán
Batting: LHB Lee Jenkins 0-0: Ball
1-0: Swinging Strike
1-1: Called Strike
1-2: Strikes out swinging
Pitching: LHP Reynaldo Vázquez
Batting: RHB António Aguilera 0-0: SINGLE (Flyball, 78S)
Batting: LHB Francisco Medina 0-0: Ball
1-0: SINGLE (Line Drive, 4MD)
António Aguilera to second
Batting: RHB Guo-liang Lian 0-0: Ball
1-0: Called Strike
1-1: Ball
2-1: Swinging Strike
2-2: Strikes out swinging
Top of the 7th over - 0 runs, 2 hits, 0 errors, 2 left on base; Detroit 4 - Beaverton 2
BOTTOM OF THE 7TH
Beaverton Bronze Souls batting - Pitching for Detroit Dirty Snow : RHP Gilbert Bright
Batting: RHB Rubén Ramírez 0-0: Foul Ball, location: 2F
0-1: SOLO HOME RUN (Line Drive, 9LD), Distance : 336 ft
Batting: LHB Jonathan Belisle 0-0: Called Strike
0-1: Fly out, F9 (Flyball, 9)
Batting: RHB Salvador Castro 0-0: Ball
1-0: Called Strike
1-1: Ball
2-1: SINGLE (Line Drive, 34D)
Batting: LHB Manuel Félix 0-0: Called Strike
0-1: Called Strike
0-2: Strikes out swinging
Batting: RHB Nathan Smith 0-0: Called Strike
0-1: Fly out, F3 (Popup, 3F)
Bottom of the 7th over - 1 run, 2 hits, 0 errors, 1 left on base; Detroit 4 - Beaverton 3
TOP OF THE 8TH
Detroit Dirty Snow batting - Pitching for Beaverton Bronze Souls : LHP Reynaldo Vázquez
Batting: LHB Luis Salazar 0-0: Called Strike
0-1: Foul Ball, location: 2F
0-2: Foul Ball, location: 2F
0-2: Strikes out swinging, 2-3 out at first.
Batting: RHB Carlos Rocha 0-0: Called Strike
0-1: Swinging Strike
0-2: Ball
1-2: Strikes out swinging
Batting: RHB Kelsey Scott 0-0: Ball
1-0: Fly out, F9 (Flyball, 89S)
Top of the 8th over - 0 runs, 0 hits, 0 errors, 0 left on base; Detroit 4 - Beaverton 3
BOTTOM OF THE 8TH
Beaverton Bronze Souls batting - Pitching for Detroit Dirty Snow : RHP Gilbert Bright
Pitching: RHP Bob Peterson
Batting: RHB Chris Hall 0-0: Ground out 5-3 (Groundball, 56)
Batting: RHB Marshall Gross 0-0: Ball
1-0: Ground out 1-3 (Groundball, P)
Batting: LHB Balduíno Bruschy 0-0: Foul Ball, location: 2F
0-1: Swinging Strike
0-2: Ball
1-2: Foul Ball, location: 2F
1-2: SINGLE (Groundball, 4D)
Pitching: LHP Sancho Espinoza
Pinch Runner at 1st Chris White:
Batting: RHB Armando García 0-0: Called Strike
0-1: Ball
1-1: Called Strike
1-2: Strikes out swinging
Bottom of the 8th over - 0 runs, 1 hit, 0 errors, 1 left on base; Detroit 4 - Beaverton 3
TOP OF THE 9TH
Detroit Dirty Snow batting - Pitching for Beaverton Bronze Souls : LHP Reynaldo Vázquez
Pitching: LHP Alfonso Guerra
Now in CF: Chris White
Batting: RHB Albert Cortéz 0-0: Called Strike
0-1: Called Strike
0-2: Ball
1-2: Ball
2-2: Strikes out looking
Batting: RHB Takuro Okawa 0-0: Called Strike
0-1: Fly out, F7 (Flyball, 7)
Batting: LHB Lee Jenkins 0-0: Ball
1-0: Fly out, F9 (Flyball, 9LM)
Top of the 9th over - 0 runs, 0 hits, 0 errors, 0 left on base; Detroit 4 - Beaverton 3
BOTTOM OF THE 9TH
Beaverton Bronze Souls batting - Pitching for Detroit Dirty Snow : LHP Sancho Espinoza
Batting: RHB Rubén Ramírez 0-0: Fly out, F2 (Popup, 2RF)
Pinch Hitting: RHB Ed Fuhrman 0-0: Ground out U3 (Groundball, 3)
Pinch Hitting: RHB Vernon Harris 0-0: Ball
1-0: Ball
2-0: Called Strike
2-1: Foul Ball, location: 2F
2-2: Ball
3-2: Base on Balls
Pinch Hitting: RHB Cameron Irwin 0-0: SINGLE (Flyball, 78M)
Vernon Harris to second
Runner from 2nd tries for 3rd, SAFE, no throw
Batting: RHB Nathan Smith Pickoff Throw to First - Out!
Bottom of the 9th over - 0 runs, 1 hit, 0 errors, 1 left on base; Detroit 4 - Beaverton 3
Saturday, December 16th, 2017 - OOTP Baseball 18.8 Build 76